 Dungeon Crawl Stone Soup version 0.20.1-1-g8b1a95d (webtiles) character file.

1141 Mitsuki the Archer (level 8, -8/69 HPs)
             Began as a Centaur Hunter on Oct 14, 2017.
             Mangled by an orc warrior
             ... wielding a +0 trident
              (17 damage)
             ... on level 6 of the Dungeon.
             The game lasted 00:20:28 (6135 turns).

Mitsuki the Archer (Centaur Hunter)                 Turns: 6135, Time: 00:20:28

Health: -8/69      AC:  0    Str: 19    XL:     8   Next: 14%
Magic:  0/8        EV:  8    Int:  8    God:
Gold:   335        SH:  0    Dex: 12    Spells: 7/7 levels left

rFire    + + .     SeeInvis .   b - +6 lajatang "Tiplaoz" {freeze, rElec rF++ Str+4 Int-2}
rCold    . . .     Gourm    .   (shield currently unavailable)
rNeg     . . .     Faith    .   k - +0 scale mail
rPois    .         Spirit   +   p - +0 helmet
rElec    +         Reflect  .   M - scarf {Spirit}
rCorr    .         Harm     .   h - +2 pair of gloves
MR       .....                  (no barding)
Stlth    +.........             B - amulet of regeneration
Regen    0.7/turn               y - ring of stealth
MPRegen  0.2/turn               (no ring)

@: corroded, very quick
A: hooves 3, deformed body, speed 2, tough skin 3
a: no special abilities


You were on level 6 of the Dungeon.
You were not hungry.

You visited 2 branches of the dungeon, and saw 7 of its levels.

You collected 335 gold pieces.

Inventory:

Hand Weapons
 a - a +1 shortbow
 b - the +6 lajatang "Tiplaoz" (weapon) {freeze, rElec rF++ Str+4 Int-2}
   (You found it on level 4 of the Dungeon)

   It has been specially enchanted to freeze those struck by it, causing extra
   injury to most foes and up to half again as much damage against particularly
   susceptible opponents.
   It can also slow down cold-blooded creatures.
   It affects your strength (+4).
   It affects your intelligence (-2).
   It greatly protects you from fire.
   It insulates you from electricity.
 t - a +2 short sword of holy wrath
 A - a +4 rapier
Missiles
 d - 130 arrows (quivered)
Armour
 h - a +2 pair of gloves (worn)
 k - a +0 scale mail (worn)
 p - a +0 helmet (worn)
 M - a scarf of spirit shield (worn)
Jewellery
 y - a ring of stealth (left hand)
 B - an amulet of regeneration (around neck)
Wands
 L - a wand of paralysis (14/24)
Scrolls
 e - 3 scrolls of fog {unknown}
 g - 5 scrolls of remove curse {unknown}
 n - 5 scrolls of teleportation {unknown}
 s - 5 scrolls of identify {unknown}
 v - a scroll of noise {unknown}
 w - 2 scrolls of random uselessness {unknown}
 x - a scroll of enchant armour {unknown}
 z - a scroll of magic mapping {unknown}
 C - a scroll of immolation {unknown}
 F - a scroll of enchant weapon {unknown}
 J - a scroll of recharging {unknown}
Potions
 i - 5 potions of curing {unknown}
 j - 4 potions of lignification {unknown}
 l - a potion of agility {unknown}
 q - a potion of mutation {unknown}
 r - 5 potions of flight {unknown}
 u - 2 potions of degeneration {unknown}
 D - 3 potions of heal wounds {unknown}
 G - 2 potions of cancellation {unknown}
 H - a potion of brilliance {unknown}
 I - a potion of invisibility {unknown}
 K - 2 potions of berserk rage {unknown}
Books
 E - a book of Cantrips

   Spells                             Type                      Level
   a - Confusing Touch                Hexes                        1
   b - Animate Skeleton               Necromancy                   1
   c - Summon Small Mammal            Summoning                    1
   d - Apportation                    Translocation                1
Comestibles
 c - 9 fruits
 f - 3 bread rations
 m - 4 meat rations
 o - 4 royal jellies
 N - a chunk of flesh


   Skills:
 + Level 5.4 Fighting
 + Level 8.8 Bows
 + Level 4.1 Armour
 - Level 1.6 Dodging
 - Level 0.4 Stealth
 + Level 1.2 Evocations


You had 7 spell levels left.
You didn't know any spells.

Dungeon Overview and Level Annotations

Branches:
Dungeon (6/15)             Temple (1/1) D:4

Altars:
Ashenzari
Dithmenos
Elyvilon
Fedhas
Hepliaklqana
Kikubaaqudgha
Nemelex Xobeh
Sif Muna
Trog
Vehumet
Xom
Lugonu

Annotations:
D:3 chimenez's ghost, amateur FoFi


Innate Abilities, Weirdness & Mutations

You have hooves in place of feet.
Armour fits poorly on your strangely shaped body.
You cover ground very quickly.
You have extremely tough skin. (AC +3)


Message History

You barely miss the rust devil.
You kick the rust devil, but do no damage.
The rust devil is moderately wounded.
The rust devil hits you. The rust devil corrodes you!
The orc warrior hits you from afar with a trident!
* * * LOW HITPOINT WARNING * * *
The rust devil hits you.
* * * LOW HITPOINT WARNING * * *
The rust devil corrodes you!
You slice the rust devil!! You freeze the rust devil.
You kick the rust devil, but do no damage.
The rust devil is almost dead.
The orc warrior hits you from afar with a trident!
* * * LOW MAGIC WARNING * * *;
* * * LOW HITPOINT WARNING * * *
The rust devil barely misses you.
You hit the rust devil but do no damage.
The rust devil is severely wounded.
The orc warrior hits you from afar with a trident!!
* * * LOW MAGIC WARNING * * *
You die...

#...# #.#.#.#....#.........###
#..####.#.#.#.#..#.........#
#..#........<....#.........#
###................#.........###
#.........#.........[...........
###..#.............#.........#..
####.......#.#...o..#.........#..
.............#.#4##.#.........#..
##....###..#.#.#@##.#.........#..
#.##.###..#.#.####.#............
#.............## #.#####.#####..
#.######.......# #.# ###.#####..
#.# #....#..# #.# #.......... #.#
#....#..###.###.#.#######
#.######..................#.#
#..............#######.#..#.# #
#.####.#.......#######.#..#.####


You could see a rust devil and an orc warrior.

Vanquished Creatures
  An orc warrior (D:6)
  A phantom (D:5)
  An ogre (D:5)
  A centaur (D:6)
  A howler monkey (D:4)
  2 crimson imps
  5 jellies
  A gnoll shaman (D:6)
  3 hounds
  An orc priest (D:5)
  An orc wizard (D:5)
  An iguana (D:4)
  4 worker ants
  6 gnolls
  4 adders
  3 oozes (D:1)
  A worm (D:2)
  5 dart slugs
  5 leopard geckos
  9 orcs
  9 bats
  6 giant cockroaches
  9 goblins
  9 hobgoblins
  10 jackals
  5 quokkas
  2 ball pythons
  5 frilled lizards
  9 kobolds
  9 rats
129 creatures vanquished.

Vanquished Creatures (others)
  3 gnolls (D:4)
3 creatures vanquished.

Grand Total: 132 creatures vanquished

Notes
Turn   | Place    | Note
-------+----------+-------------------------------------------
     0 | D:1      | Mitsuki the Centaur Hunter began the quest for the Orb.
     0 | D:1      | Reached XP level 1. HP: 17/17 MP: 1/1
    80 | D:1      | Reached XP level 2. HP: 24/24 MP: 2/2
   514 | D:1      | Reached XP level 3. HP: 21/30 MP: 3/3
   913 | D:2      | Reached skill level 1 in Armour
  1346 | D:2      | Reached skill level 6 in Bows
  1425 | D:2      | Reached XP level 4. HP: 37/37 MP: 4/4
  1525 | D:2      | Found a sparkling altar of Nemelex Xobeh.
  1525 | D:2      | Found a shadowy altar of Dithmenos.
  1966 | D:3      | Noticed chimenez's ghost (amateur FoFi)
  3269 | D:4      | Reached XP level 5. HP: 35/45 MP: 5/5
  3884 | D:4      | Got a brightly glowing lajatang
  3885 | D:4      | Identified the +6 lajatang "Tiplaoz" {freeze, rElec rF++ Str+4 Int-2} (You found it on level 4 of the Dungeon)
  3931 | D:4      | Reached XP level 6. HP: 47/52 MP: 6/6
  4086 | D:4      | Found a staircase to the Ecumenical Temple.
  4095 | Temple   | Entered the Ecumenical Temple
  4302 | D:5      | Entered Level 5 of the Dungeon
  4360 | D:5      | Reached skill level 7 in Bows
  4738 | D:5      | Reached XP level 7. HP: 41/60 MP: 7/7
  4833 | D:5      | Found a shattered altar of Ashenzari.
  4888 | D:5      | Reached skill level 8 in Bows
  5131 | D:6      | Reached skill level 5 in Fighting
  5557 | D:6      | Found a shimmering altar of Xom.
  5753 | D:6      | Reached XP level 8. HP: 59/68 MP: 4/8
  6095 | D:5      | Noticed a rust devil
  6095 | D:5      | Noticed a rust devil
  6106 | D:6      | Reached skill level 1 in Evocations
  6135 | D:6      | Mangled by an orc warrior

Skill      XL: |  1  2  3  4  5  6  7  8 |
---------------+-------------------------+-----
Armour         | 1 2 3 4 |  4.1
Bows           | 6 7 8 |  8.8
Fighting       | 3 4 5 |  5.4
Evocations     | 1 |  1.2
Dodging        | |  1.6
Stealth        | |  0.4

Action                   |  1- 3 |  4- 6 |  7- 9 || total
-------------------------+-------+-------+-------++-------
Melee: Short sword       |   120 |   163 |       ||   283
       Kick              |    19 |    34 |     9 ||    62
       Lajatang          |       |    58 |    47 ||   105
       Rapier            |       |     9 |       ||     9
 Fire: Shortbow          |       |     5 |     5 ||    10
  Eat: Chunk             |     1 |     9 |     4 ||    14
Armor: Leather armour    |     4 |       |       ||     4
       Scale mail        |    54 |   141 |    21 ||   216
Dodge: Dodged            |    35 |    96 |    20 ||   151
